 Dungeon Crawl Stone Soup version 0.27.1-2-g3b301248ec (webtiles) character file.

Game seed: 7594105012276988898

14 Descartes the Sneak (level 2, -3/14 HPs)
             Began as a Felid Delver on Oct 2, 2021.
             Slain by a centaur skeleton (5 damage)
             ... on level 4 of the Dungeon.
             The game lasted 00:01:44 (397 turns).

Descartes the Sneak (Felid Delver)                   Turns: 397, Time: 00:01:45

Health: -3/14      AC:  1    Str:  8    XL:     2   Next: 31%
Magic:  3/3        EV: 17    Int: 11    God:
Gold:   19         SH:  0    Dex: 17    Spells: 1/1 levels left
                                        Lives:  0   Deaths: 0

rFire    . . .     SeeInvis +     - Unarmed
rCold    . . .     Faith    .   (shield unavailable)
rNeg     . . .     Spirit   .   (armour unavailable)
rPois    .         Reflect  .   (helmet unavailable)
rElec    .         Harm     .   (cloak unavailable)
rCorr    .         Rampage  .   (gloves unavailable)
Will     .....                  (boots unavailable)
Stlth    ++++......             (no amulet)
HPRegen  0.04/turn              (no ring)
MPRegen  0.08/turn              (no ring)

@: quick
A: very small, claws 1, fangs 3, see invisible, speed 1, shaggy fur 1, stealthy
paws, no weapons or thrown items, no armour, multi-lived
a: no special abilities


You were on level 4 of the Dungeon.
You visited 1 branch of the dungeon, and saw 2 of its levels.

You collected 19 gold pieces.

Inventory:

Wands
 e - a wand of digging (3)
 j - a wand of iceblast (6)
Scrolls
 a - a scroll of fog
 b - a scroll of magic mapping
 c - a scroll of fear
 f - a scroll of identify {unknown}
 g - a scroll of teleportation {unknown}
 h - a scroll of vulnerability {unknown}
Potions
 d - a potion of haste
 i - 2 potions of heal wounds {unknown}


   Skills:
 - Level 3.0 Fighting
 - Level 2.6 Dodging
 + Level 7.4 Stealth
 - Level 2.0 Unarmed Combat


You had one spell level left.
You didn't know any spells.
Your spell library was empty.

Dungeon Overview and Level Annotations

Branches:
Dungeon (5/15)
 Temple: D:4-7

Altars:
Hepliaklqana
Sif Muna
Wu Jian


Innate Abilities, Weirdness & Mutations

You have sharp claws.
You have razor-sharp teeth.
You have supernaturally acute eyesight. (SInv)
You cover ground quickly. (Speed+)
You are covered in fur. (AC +1)
Your paws help you pounce on unaware monsters.
You are incapable of wielding weapons or throwing items.
You cannot wear armour.
You gain extra lives every three experience levels.


Message History

You scratch the centaur skeleton.
You bite the centaur skeleton, but do no damage.
The centaur skeleton is moderately damaged.
The centaur skeleton hits you.
The centaur skeleton kicks you but does no damage.
You scratch the centaur skeleton. You bite the centaur skeleton.
The centaur skeleton is heavily damaged.
The centaur skeleton hits you.
The centaur skeleton closely misses you.
An endoplasm comes into view.
You are too injured to fight recklessly!
You are too injured to fight recklessly!
You are too injured to fight recklessly!
You are too injured to fight recklessly!
You are too injured to fight recklessly!
You are too injured to fight recklessly!
You are too injured to fight recklessly!
You are too injured to fight recklessly!
You are too injured to fight recklessly!
You are too injured to fight recklessly!
You are too injured to fight recklessly!
You are too injured to fight recklessly!
You are too injured to fight recklessly!
You are too injured to fight recklessly!
You are too injured to fight recklessly!
The centaur skeleton hits you.
* * * LOW HITPOINT WARNING * * *
The centaur skeleton misses you.
You scratch the centaur skeleton.
The centaur skeleton is severely damaged.
The centaur skeleton hits you.
* * * LOW HITPOINT WARNING * * *
The centaur skeleton barely misses you.
The centaur skeleton closely misses you.
The centaur skeleton misses you. Why would you want to do that?
You see here a +0 halberd.
There is a stone staircase leading down here.
The centaur skeleton hits you.
You die...

....♣♣...##.####.#
§≈..♣♣.†###.##...#
≈≈......#).......#
.........##......######.
.....##..######.....[...
########## #..######.
#..#######.
#######.Z........
........@########
##########


You could see a centaur skeleton.

Vanquished Creatures
  An adder (D:4)
  A dart slug (D:4)
  A ball python (D:4)
  A kobold (D:4)
4 creatures vanquished.

Notes
Turn   | Place    | Note
-------+----------+-------------------------------------------
     0 | D:5      | Descartes the Felid Delver began the quest for the Orb.
     0 | D:5      | Reached XP level 1. HP: 10/10 MP: 2/2
    25 | D:5      | Noticed an ogre
    27 | D:5      | Noticed a phantom
    91 | D:5      | Noticed a scorpion
   111 | D:5      | Found a shimmering blue altar of Sif Muna.
   111 | D:5      | Found a hazy altar of Hepliaklqana.
   230 | D:4      | Reached skill level 7 in Stealth
   230 | D:4      | Reached XP level 2. HP: 14/14 MP: 3/3
   233 | D:4      | Found an ornate altar of the Wu Jian Council.
   397 | D:4      | Slain by a centaur skeleton

Illustrated notes

Levels and vault maps discovered:
D:4:      layout_loops_ring, nicolae_wu_jian_wuxing_cycle, serial_shops,
          nicolae_shop_trees
D:5:      layout_basic, gammafunk_temple_overflow_pools

Skill      XL: |  1 |
---------------+----+-----
Stealth        | 7 |  7.4
Fighting       | |  3.0
Dodging        | |  2.6
Unarmed Combat | |  2.0

Action                   || total
-------------------------++-------
Melee: Unarmed           ||    16
       Bite              ||     4
 Stab: Sleeping          ||     2
Armor: Skin              ||     1
Dodge: Dodged            ||    12
